[Event "European Women-ch 2023"]
[Site "Petrovac"]
[Date "2023.03.21"]
[Round "4.6"]
[White "Mammadova, Gulnar"]
[Black "Kubicka, Anna"]
[Result "1/2-1/2"]
[ECO "A28"]
[WhiteElo "2358"]
[BlackElo "2211"]
[Annotator "TA"]
[PlyCount "108"]
[EventDate "2023.03.15"]
[EventType "swiss"]
[EventCountry "MNE"]
[SourceTitle "playchess.com"]
[Source "ChessBase"]
[SourceQuality "1"]
[TimeControl "40/5400+30:1800+30"]

1. c4 {[%emt 0:00:03] ChessBase II} e5 2. Nf3 Nc6 3. Nc3 Nf6 4. e3 Be7 5. Qb3 O-O 6. Be2 {[%emt 0:00:29] A28: English Opening: Four Knights Variation.} h6 7. d3 d6 8. O-O {[%emt 0:01:15] [#]} Rb8 $146 ({Predecessor:} 8... b6 9. Nd5 Re8 10. Bd2 e4 11. Ne1 exd3 12. Bf3 Nxd5 13. Bxd5 Bd7 14. c5 Rf8 15. cxd6 Bxd6 16. Rc1 Qe8 17. Nxd3 Rd8 18. Bc3 Ne7 19. Bf3 Ba4 20. Qc4 {½-½ Cornette,M (2590)-Flom,G (2451) FRA-chT Top 12 2015 (2.3)}) 9. a3 Be6 10. Nd5 b5 {[%emt 0:04:19] Hoping for ...bxc4.} 11. Qc2 bxc4 {[%emt 0:22:56][%mdl 64] Remove Defender} (11... Nxd5 $2 12. cxd5 Bxd5 13. e4 $18) 12. dxc4 e4 (12... Nxd5 13. cxd5 Bxd5 14. e4 Bxe4 15. Qxe4 $18) 13. Nxf6+ Bxf6 14. Qxe4 {[%emt 0:02:37] Black must now prevent Bd3.} d5 15. Qc2 {[%emt 0:02:25] next Rd1 is good for White.} dxc4 16. Bxc4 Bxc4 17. Qxc4 Na5 18. Qc2 Nb3 (18... Qd5 $1 $11) 19. Rb1 $16 Qe7 20. Bd2 a5 21. Rfd1 Rfd8 22. Bc3 Rxd1+ 23. Rxd1 (23. Qxd1 $6 Bxc3 24. bxc3 Qxa3 $11) 23... Qc5 24. Rd3 Qc4 25. Nd2 (25. e4 $5 ) 25... Nxd2 26. Qxd2 {[%emt 0:00:21] Strongly threatening Bxf6.} (26. Rxd2 $5 Bxc3 27. g3 $14 (27. bxc3 Qxc3 28. h4 Qxa3 $11)) 26... Bxc3 27. Rxc3 $14 {[%emt 0:00:16][%mdl 4096] Endgame KQR-KQR} Qa2 28. Rxc7 Qxb2 {[%emt 0:03:30] [#]} (28... Rxb2 $11 29. Qd8+ (29. Qxa5 $2 Rb1+) 29... Kh7 30. Qd3+ g6) 29. Rc8+ $3 $16 {[%emt 0:02:24][%mdl 576] Deflection} Kh7 30. Qd3+ (30. Qxa5 $2 {gets mated.} Qb1+) 30... g6 {[%emt 0:00:11] ( -> ...Qa1+)} 31. Rxb8 Qxb8 {[%emt 0:00:06] KQ-KQ} 32. h4 h5 33. Qd5 Qc7 34. a4 Kg8 35. g3 {[%emt 0:00:15] White is more active.} Qb6 36. Kg2 Qb4 37. Qd8+ Kh7 38. Qd4 {[%emt 0:01:23] Repels Qe4+} Qb7+ 39. e4 ({White should try} 39. Kf1) 39... Qb4 {[%emt 0:01:49] [#]} 40. Qd5 (40. Qxb4 $1 $16 {Intending Qf8 and mate.} axb4 41. a5) 40... Kg7 $11 41. Qc6 Qe1 42. Qc4 Qb4 {[%emt 0:06:58] [#]} (42... Qa1 $11) 43. Qc2 (43. Qxb4 $1 $16 {Threatening mate with Qe7.} axb4 44. a5) 43... Qe1 44. Kf3 Kg8 45. Kf4 Qb4 46. Ke3 Qa3+ 47. Ke2 Qb4 (47... Qa1 $11 {feels stronger.}) 48. e5 (48. Kf1 $14) 48... Qd4 {[%emt 0:00:52] The position is equal.} 49. f4 Qd5 {[%emt 0:00:18] And now ...Qg2+ would win.} 50. Ke3 Kg7 51. Qc3 Kh7 52. Qc2 Kg8 53. Qc8+ Kg7 54. Qc2 Kg8 {[%emt 0:00:58] Weighted Error Value: White=0.10 (very precise) /Black=0.12 (very precise)} 1/2-1/2

[Event "European Women-ch 2023"]
[Site "Petrovac"]
[Date "2023.03.21"]
[Round "4.6"]
[White "Richterova, Natasa"]
[Black "Walter, Ema"]
[Result "1-0"]
[ECO "C60"]
[WhiteElo "2190"]
[BlackElo "2048"]
[Annotator "TA"]
[PlyCount "187"]
[EventDate "2023.03.15"]
[EventType "swiss"]
[EventCountry "MNE"]
[SourceTitle "playchess.com"]
[Source "ChessBase"]
[SourceQuality "1"]
[TimeControl "40/5400+30:1800+30"]

1. e4 e5 2. Nf3 Nc6 3. Bb5 Nge7 4. Nc3 Ng6 5. d4 exd4 6. Nxd4 {[%emt 0:00:05] C60: Ruy Lopez: Unusual Black 3rd moves and 3...g6.} Nxd4 {[%emt 0:00:04] outshines the older 6...Bc5.} 7. Qxd4 c6 8. Be2 {[%emt 0:00:09] The position is equal.} Qb6 9. Qd3 Be7 10. O-O d6 11. a4 O-O 12. a5 Qc7 13. f4 Bd7 14. Be3 {[%emt 0:01:07] [#]} b5 $146 ({Predecessor:} 14... Rfe8 15. g3 b5 16. Bf3 Rab8 17. Ne2 b4 18. Rfd1 c5 19. e5 Bb5 20. exd6 Bxd6 21. Qxd6 Qxd6 22. Rxd6 Rxe3 {½-½ Ganguly,S (2608)-Pechac,J (2594) Olympiad-44 Chennai 2022 (10.1)}) 15. axb6 axb6 16. g3 b5 17. Bf3 Rfd8 18. Ne2 Be6 19. b3 Bf6 20. Rxa8 Rxa8 21. Nd4 Bd7 ({Black should play} 21... Bh3 $14) 22. Rd1 (22. Nxb5 $16 cxb5 23. e5) 22... Rd8 23. Qe2 Nf8 24. Qf2 Re8 25. Qd2 Rd8 26. Bf2 g6 27. Ne2 Bc8 28. Bd4 Bxd4+ 29. Qxd4 Bb7 30. Qf6 h6 31. Kg2 Nh7 32. Qd4 Nf8 (32... c5 $5 33. Qd3 Nf6 $14) 33. Qf6 Nh7 34. Qd4 (34. Qc3 $11) 34... Nf8 $14 35. f5 c5 36. Qd2 gxf5 37. exf5 ({Of course not} 37. Qxh6 fxe4 38. Bh5 e3+ 39. Bf3 Bxf3+ 40. Kxf3 Re8 41. Qxd6 Qc8 $11) 37... Re8 38. Nf4 Bxf3+ 39. Kxf3 Qe7 40. Kf2 {[%emt 0:00:00][%cal Od2e2] Active counter play!} Qg5 41. Qd3 (41. Qxd6 {with more complications.} Qxf5 42. Qd3 Qe5 43. Qe2) 41... Re5 42. Kg2 Rxf5 43. Qxd6 Rf6 44. Qd5 Qg4 (44... Rf5 $5 45. Qd8 Kg7 $11) 45. h3 Qc8 46. Qe5 Qc6+ 47. Qd5 Qe8 (47... Qc8 $1 $11) 48. Rd2 $16 (48. Qxc5 $2 {perishes.} Rxf4 49. gxf4 Qe2+ 50. Qf2 Qxd1 $19) 48... Qc8 49. Qe5 (49. h4 $16) 49... Rf5 50. Qe4 $36 {[%emt 0:01:24][%mdl 2048] Keeping Black busy.} Rf6 (50... Ng6 $16 {was called for.}) 51. Nd5 Re6 52. Ne7+ Kh8 53. Nxc8 Rxe4 {[%emt 0:00:05][%mdl 4096] Endgame KRN-KRN} 54. Nd6 Re3 (54... Re1 $16 55. Nxf7+ (55. Nxb5 Kg7 $16) 55... Kh7) 55. Nxb5 Kg7 56. Kf2 {[%emt 0:00:07] Against Re1} Re5 57. Nc7 Re7 58. Na6 ({Better is} 58. Nd5 $18 Rd7 59. Ke3) 58... Ne6 59. Rd5 Nd4 60. Rxc5 Re2+ 61. Kf1 Rh2 62. Nb4 Nf3 63. Rf5 Nd4 64. Rf2 Rxh3 65. Kg2 Rh5 66. Rd2 Nf5 67. Rd3 Rg5 68. c4 h5 69. Kf2 Nh6 (69... Kf6 $142 70. c5 Rg8 71. Nd5+ Ke5) 70. Nd5 Ng4+ 71. Ke2 Rf5 72. Rf3 Re5+ $2 (72... Rg5 73. Rd3 Ne5) 73. Kd2 (73. Kd3 $142) 73... f5 $2 (73... Rg5 {keeps fighting.} 74. Nf4 Ne5) 74. Ne3 Nh6 75. b4 Kf7 76. b5 Ke6 77. Kc3 Kd6 (77... Nf7 $142) 78. Kb4 $18 Kc7 79. Nd5+ Kb7 80. Re3 Re4 81. Rf3 $2 (81. Rxe4 $18 {Threatening mate with Re8.} fxe4 82. c5) 81... h4 $2 (81... Re5 $11 82. Rf1 Ng4) 82. gxh4 Rxh4 83. Kc5 {[%emt 0:00:27] [#] Threatens to win with Re3.} Re4 84. Nf6 $2 (84. Rh3 Ng4 85. Rh7+ Kb8 86. Nb4) 84... Re5+ $2 (84... Re6 85. Nd5 Re8) 85. Kb4 {[%emt 0:00:33] Black must now prevent Rh3.} Re6 86. Nd5 Re4 87. Ne3 $2 (87. Rh3 $18 Ng4 88. Rh7+ Kb8 89. Nc7) 87... Re5 $2 (87... Nf7 $14) 88. c5 {[%emt 0:00:09][%cal Bc4c5,Bc5c6,Bc6c7][%mdl 32] [#] Nc4 would kill now.} f4 89. Nc4 {[%emt 0:00:20] White mates.} Re4 90. c6+ Kc8 91. b6 Nf5 92. Ra3 Kb8 93. c7+ Kb7 94. Ra7+ {[%emt 0:00:06] Weighted Error Value: White=0.13 (very precise) /Black=0.18 (very precise)} 1-0

[Event "European Women-ch 2023"]
[Site "Petrovac"]
[Date "2023.03.21"]
[Round "4.7"]
[White "Socko, Monika"]
[Black "Bivol, Alina"]
[Result "1-0"]
[ECO "C56"]
[WhiteElo "2432"]
[BlackElo "2365"]
[Annotator "TA"]
[PlyCount "75"]
[EventDate "2023.03.15"]
[EventType "swiss"]
[EventCountry "MNE"]
[SourceTitle "playchess.com"]
[Source "ChessBase"]
[SourceQuality "1"]
[TimeControl "40/5400+30:1800+30"]

1. e4 e5 2. Nf3 Nc6 3. Bc4 d6 4. d4 Nf6 5. d5 Ne7 6. Bd3 {[%emt 0:00:04] C56: Two Knights: 4 d4 exd4 5 0-0 Nxe4.} g6 7. c4 Bg7 8. Nc3 {[%emt 0:00:04] White is slightly better.} O-O 9. h3 Nd7 10. g4 {[%emt 0:15:35] [#]} c6 $146 ({Predecessor:} 10... Nc5 11. Bc2 a5 12. Be3 b6 13. Qe2 a4 14. O-O-O Bd7 15. Rdg1 c6 16. h4 cxd5 17. Bxc5 bxc5 18. Nxd5 Nxd5 19. cxd5 {0-1 Zemerov,V (2268)-Khodzhamkuliev,B (2167) Titled Tuesday intern op 03rd Aug blitz 2021 (9)}) 11. Be3 cxd5 12. cxd5 f5 13. gxf5 gxf5 14. Ng5 $1 (14. Rg1 $6 f4 15. Bd2 Rf6 $11) 14... Nf6 15. Qb3 ({White should try} 15. f3 $14) 15... fxe4 (15... h6 $1 $11 16. Ne6 Bxe6 17. dxe6 fxe4 18. Nxe4 d5 19. Nxf6+ Rxf6) 16. Ncxe4 $14 Nxe4 (16... Nfxd5 $2 17. Bc4 Kh8 18. Bxd5 $18) 17. Bxe4 {[%emt 0:00:43] White stays focused until the end.} h6 18. Ne6 Bxe6 19. dxe6 {[%emt 0:00:04] aiming for Rg1.} d5 {[%emt 0:08:40] [#]} (19... Qa5+ $142 20. Bd2 Qb6 21. Qxb6 (21. Bxb7 Qxf2+ 22. Kd1 Rae8 $15) 21... axb6) 20. O-O-O $1 $16 {[%emt 0:08:17][%cal Re4d5] White has more active pieces.} d4 {[%emt 0:07:05] [#]} 21. Bd2 $1 {[%emt 0:07:54] Strongly threatening Rhg1. Black is weak on the light squares} Rf6 (21... Qb6 $16) 22. Rhg1 (22. Bxb7 $2 {loses.} Qc7+ 23. Kb1 Rb8 $19) (22. Qxb7 $6 Qc8+ 23. Qxc8+ (23. Kb1 Qxb7 24. Bxb7 Rb8 $16) 23... Rxc8+ 24. Kb1 Rxe6 $16) 22... Qc8+ 23. Kb1 Qxe6 24. Qxb7 ({Worse is} 24. Bxb7 Qxb3 25. axb3 Rb8 $11) 24... Re8 25. f3 ({Not} 25. Qxa7 Rxf2 26. Bb4 Kh8 $16) 25... a6 26. Rc1 {[%emt 0:01:49][%cal Oc1c6,Bd1c1,Bc1c7,Bc7c6,Bc6a6,Ba6a7][%mdl 32] Dodges Qc8. Black must now prevent Rc6!} Kh8 27. Rc7 Bf8 {[%emt 0:00:34] [#]} 28. Rc6 $3 {[%emt 0:09:06][%mdl 576] Wards off Qb6. Double Attack} Qf7 29. Rxa6 Bg7 (29... Rxa6 30. Qxa6 Ng8) 30. Ra7 $18 Qe6 31. Bb4 Bf8 32. a4 Qxh3 33. Qb5 (33. Ra8 $142 Qh2 34. Rc1 Rf7 35. Rxe8 Kg7 36. Bxe7 Rxe7 {[%mdl 64] Remove Defender} 37. Rxe7+ Kf6 38. Qd7) 33... Qh5 {[%emt 0:00:47] White is clearly winning.} 34. a5 Nf5 {[%emt 0:00:43] [#]} 35. Qd7 $1 Ne7 36. Rb7 Qf7 37. Bd6 {[%emt 0:00:51] A strong pair of Bishops.} Re6 38. a6 {[%emt 0:00:19] Beautiful play by Socko!   Weighted Error Value: White=0.06 (flawless) /Black=0.52} 1-0

[Event "European Women-ch 2023"]
[Site "Petrovac"]
[Date "2023.03.21"]
[Round "4.7"]
[White "Abdulla, Khayala"]
[Black "Gaponenko, Inna"]
[Result "0-1"]
[ECO "B36"]
[WhiteElo "2221"]
[BlackElo "2349"]
[Annotator "TA"]
[PlyCount "107"]
[EventDate "2023.03.15"]
[EventType "swiss"]
[EventCountry "MNE"]
[SourceTitle "playchess.com"]
[Source "ChessBase"]
[SourceQuality "1"]
[TimeControl "40/5400+30:1800+30"]

1. e4 c5 2. Nf3 Nc6 3. d4 cxd4 4. Nxd4 g6 5. c4 Nf6 6. Nc3 d6 7. Be2 Nxd4 8. Qxd4 Bg7 9. Bg5 O-O 10. Qe3 Be6 11. O-O Qb6 12. Qd2 {[%emt 0:17:13] B36: Sicilian: Maroczy Bind: Gurgenidze System.} Rfc8 13. b3 a6 {[%emt 0:00:25] [#]} 14. Rfc1 $146 {[%emt 0:03:15] White is slightly better.} ({Predecessor:} 14. Rac1 Qb4 15. f4 b5 16. f5 Bd7 17. fxg6 hxg6 18. e5 Qc5+ 19. Kh1 Qxe5 20. Bf3 {1-0 Bu,X (2723)-Zvjaginsev,V (2672) RUS-chT 23rd 2016 (6.4)}) 14... Rab8 15. Be3 Qa5 16. a3 b5 17. b4 Qd8 18. e5 Ng4 {[%emt 0:06:43] [#] Hoping for ...Nxe3.} 19. Bxg4 Bxg4 20. cxb5 axb5 21. exd6 $1 Qxd6 ({Resist} 21... exd6 22. Bg5 Bxc3 23. Rxc3 $16) 22. Qxd6 exd6 23. Nd5 Bxa1 {[%emt 0:23:33] This pair of bishops is nice.} 24. Ne7+ Kf8 {[%emt 0:01:03] aiming for ...Rxc1+.} 25. Nxc8 Rxc8 26. Rxa1 $11 {[%emt 0:00:07][%mdl 4096] Endgame KRB-KRB} Ke7 27. a4 bxa4 28. Rxa4 Rc4 29. Ra7+ Bd7 30. Rb7 Kd8 31. f3 Kc8 32. Rb6 Kc7 {[%emt 0:00:31] White must now prevent ...Rc3.} 33. Kf2 f5 {[%emt 0:01:39] ...f4 is the strong threat.} 34. Ra6 Rxb4 35. Ra7+ Kc6 36. Kg3 d5 37. Ra6+ Kc7 38. Bf4+ Kb7 39. Rd6 Bc6 40. Re6 d4 41. Rd6 Kb6 42. Rd8 (42. Bg5 $11 {keeps the balance.}) 42... Ra4 43. Be5 Kc5 44. h4 Bb5 45. Kf4 $1 d3+ 46. Kg5 $1 Ra2 47. g4 ({White should play} 47. g3 $15) 47... fxg4 48. fxg4 Rg2 49. h5 gxh5 50. Kxh5 Bc4 51. g5 $2 (51. Bd4+ $19 Kc6 52. Be3) 51... d2 {[%emt 0:01:45] Black mates.} 52. Bd6+ Kc6 53. Bb4 {[%emt 0:03:26] [#]} d1=Q+ $1 54. Rxd1 {[%emt 0:00:00] Weighted Error Value: White=0.28 (precise) /Black=0.05 (flawless)} 0-1

[Event "European Women-ch 2023"]
[Site "Petrovac"]
[Date "2023.03.21"]
[Round "4.7"]
[White "Pavlidou, Ekaterini"]
[Black "Pirvulescu, Ekaterina"]
[Result "0-1"]
[ECO "D02"]
[WhiteElo "2178"]
[BlackElo "2032"]
[Annotator "TA"]
[PlyCount "74"]
[EventDate "2023.03.15"]
[EventType "swiss"]
[EventCountry "MNE"]
[SourceTitle "playchess.com"]
[Source "ChessBase"]
[SourceQuality "1"]
[TimeControl "40/5400+30:1800+30"]

1. d4 d5 2. Bf4 Nf6 3. e3 c5 4. Nf3 Nc6 5. c3 Qb6 6. Qb3 c4 7. Qc2 Bf5 8. Qc1 h6 9. h3 {[%emt 0:00:49] White is weak on the light squares} e6 {[%emt 0:00:47] D02: 1 d4 d5 2 Nf3 sidelines, including 2...Nf6 3 g3 and 2...Nf6 3 Bf4.} 10. Nbd2 Be7 11. Be2 Qd8 {[%emt 0:05:54] The position is equal.} 12. Ne5 Nxe5 13. Bxe5 O-O 14. g4 Bh7 {[%emt 0:07:17] [#]} 15. Bxf6 $146 ({Predecessor:} 15. h4 Nd7 16. Bg3 b5 17. a3 a5 18. g5 hxg5 19. hxg5 Bxg5 20. Nf3 Bh6 21. Qd2 {0-1 Purtseladze,M (2274)-Migot,T (2353) Titled Tuesday intern op 16th Mar blitz 2021 (6)}) 15... Bxf6 16. f4 Bh4+ 17. Kf1 b5 18. a4 a6 19. Bf3 (19. Bd1 $15) 19... Bd3+ (19... g5 $19 {Strongly threatening ...gxf4.} 20. Kg1 Qd6) 20. Be2 $17 Bh7 {[%emt 0:00:20] Black has more active pieces.} (20... Bg6 $142) 21. Bf3 $1 {[%emt 0:02:26] Black continues to play with concentration.} b4 22. Kg2 Rb8 $36 {[%emt 0:01:42][%cal Ba8b8,Bb8b6,Bb6b2][%mdl 2080] Black has strong initiative.} 23. Ra2 (23. Bd1 $17 {was necessary.}) 23... Qd6 {[%emt 0:03:03] aiming for ...g5.} 24. Qg1 (24. Be2 $142) 24... bxc3 25. bxc3 Rb6 26. Qh2 (26. Be2 $142) 26... Rfb8 $19 {[%emt 0:02:26] Hoping for ...Bb1.} 27. f5 Qxh2+ (27... exf5 $2 28. Qxd6 Rxd6 29. gxf5 $19) 28. Kxh2 Rb2 ({Weaker is} 28... exf5 29. Bxd5 Rd6 30. Bxc4 $11) 29. Rha1 Bg5 ({Worse is} 29... exf5 30. Bxd5 Bg5 31. Kg3 $11) 30. Kh1 Bxe3 ({And not} 30... exf5 31. Bxd5 Rxa2 32. Rxa2 $11) 31. Rxb2 Rxb2 32. Rb1 $2 {[%emt 0:00:33] [#]} (32. Nf1 Bf2 33. Rd1) 32... Rxb1+ {[%emt 0:00:22] Black is clearly winning.} (32... Rxd2 $2 33. Rb8#) 33. Nxb1 Bc1 34. a5 g6 35. fxe6 fxe6 {[%emt 0:00:34] [#] White must now prevent ...g5.} 36. g5 Bxg5 {[%emt 0:00:55] And now ...Bc1 would win.} 37. Na3 Bd8 {[%emt 0:00:20] Weighted Error Value: White=0.49/Black=0.20 (precise)} 0-1

[Event "European Women-ch 2023"]
[Site "Petrovac"]
[Date "2023.03.21"]
[Round "4.8"]
[White "Tsolakidou, Stavroula"]
[Black "Danielian, Elina"]
[Result "0-1"]
[ECO "C02"]
[WhiteElo "2358"]
[BlackElo "2431"]
[Annotator "TA"]
[PlyCount "82"]
[EventDate "2023.03.15"]
[EventType "swiss"]
[EventCountry "MNE"]
[SourceTitle "playchess.com"]
[Source "ChessBase"]
[SourceQuality "1"]
[TimeControl "40/5400+30:1800+30"]

1. e4 e6 2. d4 d5 3. e5 c5 4. c3 Nc6 5. Nf3 Bd7 6. Be2 Nge7 7. O-O Nf5 8. dxc5 Bxc5 9. Bd3 {[%emt 0:00:24] C02: French: Advance Variation.} Nh4 10. Nbd2 Ng6 11. Nb3 {[%emt 0:00:31] Black must now prevent Bxg6. White is slightly better.} Bb6 12. Re1 O-O 13. Nbd4 {[%emt 0:19:56] [#]} Qb8 $146 ({Predecessor:} 13... h6 14. Bxg6 fxg6 15. Be3 g5 16. h3 Bxd4 17. Bxd4 b6 18. Qd3 Be8 19. b4 Qd7 {½-½ Shirov,A (2640)-Baklan,V (2604) ROM-chT Baile Govora 2017 (7.4)}) 14. Bxg6 fxg6 15. Qd3 a6 16. h4 $1 Bc7 17. Qe3 h6 18. Bd2 (18. b3 {is interesting.} Bb6 19. Ba3 Rf5 20. Bd6) 18... Ne7 19. g4 (19. Qd3 $11) 19... Nc6 20. Kg2 Rf7 21. Qe2 Qd8 (21... Qf8 $17 {[%cal Oc6e5] Threatens to win with ...Nxe5!} 22. Qd3 Bb6) 22. Rh1 Qe7 23. Raf1 (23. Rh2 $142) 23... Raf8 $17 24. b3 Qd8 25. Bc1 Qb8 26. Ba3 Rc8 ({Black should play} 26... Rf4 $17 27. Nxc6 Bxc6) 27. Re1 $15 Rf4 28. Nxc6 Bxc6 29. Nd4 Re4 $36 {[%emt 0:04:41][%mdl 2112] [#] Deflection. Black is more active.} (29... Bb6 {simplifies} 30. f3 Bxd4 31. cxd4 Rxd4 32. Bd6 Qa8) 30. Qd3 (30. Qd2 $11) 30... Bxe5 ({Much less strong is} 30... Rxe5 31. Nxc6 (31. Qxg6 Be8 $11) (31. Nxe6 $2 {loses.} d4+ 32. Kh3 Rxe6 $19) 31... bxc6 32. Qxg6 $16 (32. Qxa6 Qa8 $15)) 31. Nxc6 $4 {[%emt 0:00:31][%mdl 8192] Loses the game.} (31. f3 $15 Rxe1 32. Rxe1) 31... Rxg4+ $19 32. Kh3 Rxc6 {[%emt 0:00:05] Black is clearly winning.} 33. Kxg4 (33. Bb2 $142 h5 34. Rhg1) 33... h5+ 34. Kf3 Rxc3 35. Ke2 Rxd3 36. Kxd3 Qc7 37. Bb4 Bf6 38. Bd2 e5 {[%emt 0:00:41][%cal Be6e5,Be5e4][%mdl 32] aiming for ...e4+.} 39. f3 Qd7 40. Ref1 {[%emt 0:00:00] [#]} e4+ $1 41. Ke2 (41. Kc2 Qc8+) 41... Qb5+ {[%emt 0:05:21] Weighted Error Value: White=0.47/Black=0.10 (very precise)} 0-1

[Event "European Women-ch 2023"]
[Site "Petrovac"]
[Date "2023.03.21"]
[Round "4.8"]
[White "Brunello, Marina"]
[Black "Zaksaite, Salomeja"]
[Result "1-0"]
[ECO "B33"]
[WhiteElo "2346"]
[BlackElo "2187"]
[Annotator "TA"]
[PlyCount "57"]
[EventDate "2023.03.15"]
[EventType "swiss"]
[EventCountry "MNE"]
[SourceTitle "playchess.com"]
[Source "ChessBase"]
[SourceQuality "1"]
[TimeControl "40/5400+30:1800+30"]

1. e4 c5 2. Nf3 Nc6 3. d4 cxd4 4. Nxd4 Nf6 5. Nc3 e5 6. Nde2 Bb4 7. a3 {[%emt 0:01:08] B33: Sicilian: Pelikan and Sveshnikov Variations.} Ba5 8. Bg5 h6 {[%emt 0:00:38] [#]} 9. Be3 $146 (9. Bxf6 $11 Qxf6 10. Qd3) ({Predecessor:} 9. Bh4 g5 10. Bg3 Nxe4 11. b4 Nxc3 12. Nxc3 Bb6 13. Nd5 d6 14. h4 Be6 15. hxg5 {1-0 Andreikin,D (2726)-Zhigalko,S (2572) Clash of the Titans blitz 2020 (2)}) 9... Nxe4 $15 10. b4 {[%emt 0:05:06] [#]} Nxb4 $1 11. axb4 $14 (11. Nxe4 $2 Nxc2#) 11... Bxb4 12. Qd3 (12. Rxa7 $2 Nxc3 13. Nxc3 Rxa7 $19) 12... Qc7 13. Bd2 $36 {[%emt 0:00:27][%mdl 2048] White has strong initiative.} Nxd2 {[%emt 0:00:29] [#]} 14. Kxd2 (14. Nd5 $1 $16 Nf3+ {[%mdl 64] Discovered Attack (Double check)} 15. Kd1) 14... O-O $11 {[%emt 0:02:03][%cal Od7d5] White must now prevent ...d5!} 15. Kc1 {[%emt 0:04:05] Hoping for Nd5.} e4 {[%emt 0:19:51] [#]} 16. Qd4 $1 $16 (16. Nxe4 d5 17. N4c3 (17. Qxd5 $2 Be6 $19) 17... Rd8 $11) 16... Bc5 17. Qxe4 {[%emt 0:00:25] White is more active.} d5 18. Nxd5 (18. Qxd5 Be6 19. Qf3 Rac8 $17) 18... Qd6 19. Nec3 Be6 20. Bd3 f5 21. Qf4 Rac8 $2 (21... Qd7 {might work better.} 22. Re1 Bd6) 22. Qxd6 $18 Bxd6 {[%emt 0:00:03] This pair of bishops is nice.} 23. Re1 (23. Rxa7 Rc5 24. Re1 Bf7 25. Rxb7 Rxd5 26. Nxd5 (26. Rxf7 Ba3+ 27. Kd2 Rxd3+ 28. cxd3 Kxf7 $16) 26... Bxd5 $18) 23... Bf7 24. Nb5 {[%emt 0:00:44] White is clearly winning.} ({Weaker is} 24. Rxa7 Rc5 25. Rxb7 Rxd5 26. Nxd5 (26. Rxf7 Ba3+ 27. Kd2 Rxd3+ 28. cxd3 Kxf7 $16) 26... Bxd5 $18) ({Don't take} 24. Bxf5 Rc4 25. Be6 (25. Rxa7 Bxd5 26. Nxd5 Rxf5 $14) 25... Bxe6 $18) 24... Bxd5 25. Nxd6 Rc7 26. Nxf5 Bxg2 27. Rxa7 Bh3 28. Ne7+ Kf7 29. Bg6+ {[%emt 0:00:33] Weighted Error Value: White=0.09 (flawless) /Black=0.38} 1-0

[Event "European Women-ch 2023"]
[Site "Petrovac"]
[Date "2023.03.21"]
[Round "4.8"]
[White "Shpanko, Nadiia"]
[Black "Ismayil, Malak"]
[Result "1/2-1/2"]
[ECO "E26"]
[WhiteElo "2164"]
[BlackElo "2011"]
[Annotator "TA"]
[PlyCount "99"]
[EventDate "2023.03.15"]
[EventType "swiss"]
[EventCountry "MNE"]
[SourceTitle "playchess.com"]
[Source "ChessBase"]
[SourceQuality "1"]
[TimeControl "40/5400+30:1800+30"]

1. d4 Nf6 2. c4 e6 3. Nc3 d5 4. e3 Bb4 5. a3 Bxc3+ 6. bxc3 c5 {[%emt 0:03:05] 6...c6 is the modern continuation.} 7. Nf3 {[%emt 0:03:22] E26: Nimzo-Indian: Sämisch: 5...c5 6 e3.} Nbd7 8. cxd5 exd5 9. Bd3 {[%emt 0:08:17] White is slightly better.} Qa5 10. Bb2 {[%emt 0:05:12] [#]} cxd4 $146 ({Predecessor:} 10... b6 11. O-O Ba6 12. Bxa6 Qxa6 13. a4 O-O 14. Qb3 Rfc8 15. Rfd1 c4 16. Qc2 Qb7 {0-1 Kaleta,B (2110)-Babanin,G (2094) EU-ch blitz Katowice 2017 (19)}) 11. Nxd4 O-O 12. O-O Ne5 13. Be2 Bg4 14. f3 Bd7 15. Qb3 Rfe8 16. Rfe1 (16. Qxb7 $2 Reb8 $19) 16... Rac8 17. Rac1 {[%emt 0:03:32] [#]} (17. Qxb7 $2 Rb8 18. Qa6 Qxa6 19. Bxa6 Rxb2 $19) (17. Rab1 $11) 17... a6 (17... Nc4 $1 $17 18. Bxc4 (18. Qxb7 $2 Rb8 $19) 18... dxc4) 18. Qb4 {[%emt 0:03:56] Prevents Ba4.} (18. Qxb7 $2 {is the wrong capture.} Rb8 19. Qxa6 Qxa6 20. Bxa6 Rxb2 $19) 18... Qc7 19. a4 a5 20. Qa3 Nc4 21. Bxc4 Qxc4 22. Ra1 {[%emt 0:00:15] White is weak on the light squares} h5 23. Nb3 b6 24. Nd4 h4 25. Qd6 Qc7 26. Qxc7 Rxc7 27. Kf2 Rc4 28. Ra3 (28. Rec1 $15) 28... Bxa4 $17 ({Worse is} 28... Rxa4 29. Rxa4 Bxa4 30. Ra1 $15) 29. Nf5 Re6 {[%emt 0:01:23] Repels Nd6} 30. e4 Bd7 (30... dxe4 $19 31. Ne3 exf3 32. Nxc4 Ng4+ 33. Kxf3 Rxe1 34. Rxa4 b5 35. Rxa5 Nxh2+ 36. Kf2 Rf1+ 37. Ke2 bxc4) 31. e5 Nh5 (31... Rf4 {is interesting.} 32. exf6 Rxf5 33. fxg7 Rxe1 34. Kxe1 h3) 32. g3 {[%emt 0:01:11] Wards off Nf4} hxg3+ 33. hxg3 a4 (33... f6 $5 34. Rd1 fxe5 35. Rxd5 Nf6 $17) 34. Bc1 (34. Ne3 $11 {should be considered.}) 34... g6 (34... f6 $5 35. Nd4 Rxe5 $15) 35. Ne3 Rc5 36. f4 (36. Ng2 $15) 36... b5 37. Rd1 {[%emt 0:00:23] [#]} Bc6 ({Better is} 37... f6 $1 $17 38. Nxd5 fxe5) 38. Nc2 $11 Re8 39. Be3 Rc4 40. Nb4 Rc8 41. Nxc6 R4xc6 42. Rxd5 Rxc3 43. Rxc3 Rxc3 44. Rxb5 {[%emt 0:06:56][%mdl 4096] Endgame KRB-KRN} Ng7 {[%emt 0:11:25] The position is equal.} 45. Rb8+ Kh7 46. g4 a3 47. Ra8 Rc2+ 48. Kf3 a2 49. Ke4 Re2 50. Kf3 {[%emt 0:00:21] Weighted Error Value: White=0.15 (very precise) /Black=0.15 (very precise)} 1/2-1/2